 Dungeon Crawl Stone Soup version 0.30.0-11-gf55b779eaf (webtiles) character file.

Game seed: 12109092465665884225

3110 howech the Cruncher (level 9, -1/79 HPs)
             Began as a Minotaur Gladiator on May 16, 2023.
             Was an Initiate of Cheibriados.
             Slain by a yak (7 damage)
             ... on level 8 of the Dungeon.
             The game lasted 00:28:18 (7231 turns).

howech the Cruncher (Minotaur Gladiator)            Turns: 7231, Time: 00:28:18

Health: -1/79      AC: 18    Str: 21    XL:     9   Next: 60%
Magic:  8/8        EV:  8    Int: 10    God:    Cheibriados [......]
Gold:   409        SH:  0    Dex: 12    Spells: 8/8 levels left

rFire   . . .        a - +0 quarterstaff
rCold   . . .        (shield currently unavailable)
rNeg    . . .        v - +0 plate armour
rPois   .            c - +2 hat
rElec   .            (no cloak)
rCorr   .            (no gloves)
SInv    .            (no boots)
Will    +....        (no amulet) Stlth
                     m - ring of willpower
HPRegen 0.33/turn    u - +4 ring of protection
MPRegen 0.11/turn

%: no passive effects
@: very slow
A: horns 2, retaliatory headbutt
a: Renounce Religion


You were on level 8 of the Dungeon.
You worshipped Cheibriados.
Cheibriados was noncommittal.
You visited 2 branches of the dungeon, and saw 9 of its levels.
You also visited: Ossuary.

You collected 409 gold pieces.

Inventory:

Hand Weapons
 a - a +0 quarterstaff (weapon)
 b - a +0 shortbow
 f - a +4 dagger
Missiles
 e - a javelin
 k - 6 boomerangs (quivered)
 o - 11 poisoned darts
Armour
 c - a +2 hat (worn)
 d - the +2 leather armour of the Realm of Zot {rN+ Int+2}
   (You found it on level 5 of the Dungeon)

   Int:       It affects your intelligence (+2).
   rN:        It protects you from negative energy.
 i - a +0 leather armour
 t - the +1 leather armour of Tuharaon {Rampage rN++}
   (You found it on level 3 of the Dungeon)

   rN:        It greatly protects you from negative energy.
   Rampage:   It bestows one free step when moving towards enemies.
   Cheibriados disapproves of the use of such an item.
 v - a +0 plate armour (worn)
 y - a +3 leather armour of fire resistance
Jewellery
 m - a ring of willpower (left hand)
 s - a ring of ice
 u - a +4 ring of protection (right hand)
 B - a ring of ice
Wands
 j - a wand of flame (16)
Scrolls
 h - a scroll of enchant armour
 r - 2 scrolls of amnesia
 A - a scroll of blinking
 D - 2 scrolls of identify
 F - a scroll of acquirement {unknown}
 G - a scroll of silence
 I - a scroll of torment {unknown}
 J - 2 scrolls of fog
Potions
 g - 2 potions of mutation
 l - a potion of cancellation
 n - a potion of curing
 p - a potion of attraction
 q - a potion of flight
 w - 2 potions of heal wounds
 x - 2 potions of ambrosia
 z - a potion of invisibility
 C - 5 potions of brilliance {unknown}
 E - a potion of resistance {unknown}
 H - 2 potions of degeneration {unknown}
 K - a potion of haste {unknown}


   Skills:
 + Level 7.0 Fighting
 * Level 10.2 Staves
 + Level 2.4 Ranged Weapons
 - Level 5.0 Throwing
 + Level 6.4 Armour
 + Level 6.9 Dodging


You had 8 spell levels left.
You didn't know any spells.
Your spell library was empty.

Dungeon Overview and Level Annotations

Branches:
Dungeon (8/15)             Temple (1/1) D:7         Ossuary (visited)
   Lair: D:8-11

Altars:
Cheibriados
Elyvilon
Gozag
Hepliaklqana
Kikubaaqudgha
Makhleb
Nemelex Xobeh
Ru
Sif Muna
Trog
Vehumet
Wu Jian
Xom
Yredelemnul
Zin
The Shining One

Shops:
D:3 ?


Innate Abilities, Weirdness & Mutations

You have a pair of horns on your head.
You reflexively headbutt those who attack you in melee.


Message History

The yak attacks as you move away! The yak gores you but does no damage.
You hit the yak but do no damage.
The yak is lightly wounded.
You hit the yak. Your headbutt misses the yak.
The yak is lightly wounded.
The yak completely misses you. The yak gores you.
You sock the yak!
The yak is moderately wounded.
The yak barely misses you. You furiously retaliate!
You headbutt the yak. The yak completely misses you.
You sock the yak! Your headbutt misses the yak.
The yak is severely wounded.
The yak gores you but does no damage. The yak closely misses you.
You completely miss the yak.
The yak is severely wounded.
Unknown command.
You hit the yak.
The yak is severely wounded.
The orc warrior hits you from afar with a +0 glaive.
The yak gores you but does no damage.
Unknown command.
The orc warrior hits you but does no damage.
The yak gores you! The yak barely misses you. You furiously retaliate!
You headbutt the yak! The yak completely misses you. You furiously retaliate!
You headbutt the yak, but do no damage. The yak barely misses you.
You furiously retaliate!
You headbutt the yak.
Unknown command.
The yak attacks as you move away! The yak gores you but does no damage.
The yak gores you!
* * * LOW HITPOINT WARNING * * *
The yak barely misses you. You furiously retaliate!
You headbutt the yak. The yak gores you but does no damage.
The yak closely misses you.
The orc warrior hits you from afar with a +0 glaive.
* * * LOW HITPOINT WARNING * * *
Unknown command.
The yak attacks as you move away! The yak gores you but does no damage.
The yak attacks as you move away! The yak gores you!
* * * LOW HITPOINT WARNING * * *
The yak attacks as you move away! The yak gores you!
You die...

.# #.# ... ##.#
####...
###....#####
#...........
##.oY@.......
#....YY...... ###
##ooY......... ..
##............. #.
##..#...........
#.##..##...........
#....##############
##..## #.##########


You could see 4 yaks, an orc warrior and 2 orcs.

Vanquished Creatures
  Prince Ribbit (D:6)
  A yak (D:8)
  A wyvern (D:7)
  A steam dragon (D:6)
  A water moccasin (D:6)
  Duvessa (D:5)
  2 black bears
  An ice beast (D:5)
  3 sky beasts
  2 ogres (D:5)
  A centaur (D:6)
  A phantom (D:4)
  A kobold brigand (D:6)
  A water moccasin zombie (Ossuary)
  6 scorpions
  A wight (Ossuary)
  Dowan (D:5)
  A centaur zombie (Ossuary)
  3 bullfrog zombies (Ossuary)
  2 orc priests
  2 hounds (D:6)
  6 iguanas
  2 sleepcaps
  Terence (D:2)
  3 orc wizards
  2 ogre zombies (Ossuary)
  A mummy (D:7)
  Robin (D:1)
  3 adders
  6 gnolls
  2 white imps (D:6)
  2 adder zombies (Ossuary)
  A worm (D:1)
  A dart slug (D:2)
  21 orcs
  6 ball pythons
  A bat (D:1)
  9 endoplasms
  7 giant cockroaches
  14 goblins
  8 hobgoblins
  2 jackals (D:2)
  2 quokkas (D:4)
  A frilled lizard (D:3)
  3 gnoll zombies (Ossuary)
  4 goblin zombies (Ossuary)
  3 hobgoblin zombies (Ossuary)
  7 kobolds
  2 orc zombies (Ossuary)
  5 rats
160 creatures vanquished.

Notes
Turn   | Place    | Note
-------+----------+-------------------------------------------
     0 | D:1      | howech the Minotaur Gladiator began the quest for the Orb.
     0 | D:1      | Reached XP level 1. HP: 18/18 MP: 0/0
   198 | D:1      | Found a faded altar of an unknown god.
   242 | D:1      | Reached XP level 2. HP: 25/25 MP: 1/1
   343 | D:1      | Reached skill level 4 in Staves
   521 | D:1      | Reached skill level 1 in Armour
   673 | D:2      | Noticed Robin
   784 | D:2      | Noticed Terence
   949 | D:1      | Reached XP level 3. HP: 25/30 MP: 2/2
  1113 | D:1      | Killed Robin
  1422 | D:2      | Reached XP level 4. HP: 29/38 MP: 3/3
  1486 | D:2      | Killed Terence
  1730 | D:3      | Reached skill level 5 in Staves
  1762 | D:3      | Reached XP level 5. HP: 42/45 MP: 4/4
  2012 | D:3      | Identified the +1 leather armour of Tuharaon {Rampage rN++}
  2017 | D:3      | Noticed a black bear
  2030 | D:3      | Killed a black bear
  2031 | D:3      | Reached XP level 6. HP: 52/52 MP: 5/5
  2464 | D:3      | Found Zoalitho's Magic Scroll Shoppe.
  2826 | D:4      | Reached skill level 6 in Staves
  3341 | D:4      | Reached XP level 7. HP: 58/59 MP: 6/6
  3635 | D:5      | Entered Level 5 of the Dungeon
  3894 | D:5      | Reached skill level 5 in Dodging
  4021 | D:5      | Reached skill level 7 in Staves
  4143 | D:5      | Found a hazy altar of Hepliaklqana.
  4207 | D:5      | Reached XP level 8. HP: 22/67 MP: 7/7
  4494 | D:5      | Noticed Duvessa
  4494 | D:5      | Noticed Dowan
  4521 | D:5      | Killed Duvessa
  4522 | D:5      | Reached skill level 5 in Fighting
  4544 | D:5      | Killed Dowan
  4760 | D:5      | Found a sparkling altar of Nemelex Xobeh.
  4839 | D:5      | Identified the +2 leather armour of the Realm of Zot {rN+
                  | Int+2}
  4884 | D:6      | Found a bloodstained altar of Trog.
  4903 | D:6      | Reached skill level 8 in Staves
  5123 | D:6      | Reached skill level 5 in Armour
  5283 | D:6      | Found a shimmering altar of Xom.
  5494 | D:6      | Found a glowing golden altar of the Shining One.
  5495 | D:6      | Found a white marble altar of Elyvilon.
  5501 | D:6      | Found a glowing silver altar of Zin.
  5517 | D:6      | Noticed Prince Ribbit
  5528 | D:6      | Killed Prince Ribbit
  5529 | D:6      | Reached skill level 9 in Staves
  5529 | D:6      | Reached skill level 5 in Throwing
  5635 | D:6      | Reached XP level 9. HP: 69/75 MP: 8/8
  6257 | D:7      | Reached skill level 1 in Ranged Weapons
  6387 | D:7      | Found a sand-covered staircase.
  6402 | Ossuary  | Entered an ossuary
  6673 | Ossuary  | Reached skill level 10 in Staves
  6675 | Ossuary  | Noticed a silent spectre
  6886 | D:7      | Found a staircase to the Ecumenical Temple.
  7111 | Temple   | Entered the Ecumenical Temple
  7169 | Temple   | Became a worshipper of Cheibriados the Contemplative
  7231 | D:8      | Slain by a yak

Illustrated notes

Levels and vault maps discovered:
D:1:      lightli_arrival_lavapool, layout_loops_cross,
          ebering_ecumenical_altar_rust
D:2:      layout_rooms, kennysheep_big_empty_room, uniq_robin, uniq_terence
D:3:      layout_loops_ring, serial_shops, shop, hangedman_decor_push
D:4:      layout_basic
D:5:      layout_gridville, nemelex_xobeh_ov_fountains_minmay,
          nicolae_hepliaklqana_hippocampus, uniq_duvessa
D:6:      layout_loops_cross, good_gods_temple_1,
          mainiacjoe_overflow_small_starburst, tgw_xom, grunt_decor_cap,
          uniq_prince_ribbit1
D:7:      layout_cave_pools, temple_statues, gup_ossuary_entry_pyramid,
          serial_glass, glass_columns_b, glass_columns_b, glass_columns_b,
          glass_columns_a, minmay_stone_trees_small
D:8:      layout_basic, enter_bailey_6, serial_shops, shop, uniq_erica
Temple:   nicolae_temple_cloud_nine

Skill      XL: |  1  2  3  4  5  6  7  8  9 |
---------------+----------------------------+-----
Staves         | 4 5 6 7 9 10 | 10.2
Armour         | 1 2 3 4 5 6 |  6.4
Fighting       | 3 4 6 7 |  7.0
Dodging        | 4 5 6 |  6.9
Throwing       | 3 4 5 |  5.0
Ranged Weapons | 2 |  2.4

Action                     |  1- 3 |  4- 6 |  7- 9 || total
---------------------------+-------+-------+-------++-------
  Melee: Quarterstaff      |    87 |    90 |   342 ||   519
         Headbutt          |    10 |    21 |    77 ||   108
  Throw: Throwing net      |       |     4 |     2 ||     6
         Boomerang         |       |       |    18 ||    18
         Javelin           |       |       |     1 ||     1
    Use: Scroll            |     7 |     5 |     4 ||    16
         Potion            |     2 |       |     2 ||     4
   Stab: Held in net/web   |       |     1 |     2 ||     3
 Armour: Leather armour    |    23 |    16 |       ||    39
         Plate armour      |       |     3 |   202 ||   205
  Dodge: Dodged            |    53 |    43 |    91 ||   187
